 Dungeon Crawl Stone Soup version 0.29-a0-723-gce39da1c22 (webtiles) character file.

Game seed: 7866269467575572476

1297 jermanator181 the Grappler (level 8, 0/71 HPs)
             Began as a Ghoul Monk on June 24, 2022.
             Slain by an orc
             ... wielding a +0 flail
              (6 damage)
             ... on level 5 of the Dungeon on June 28, 2022.
             The game lasted 00:11:39 (4437 turns).

jermanator181 the Grappler (Ghoul Monk)             Turns: 4437, Time: 00:11:39

Health: 0/71       AC:  4    Str: 17    XL:     8   Next: 56%
Magic:  7/7        EV: 12    Int:  5    God:
Gold:   248        SH:  5    Dex: 11    Spells: 7/7 levels left

rFire   . . .      SeeInvis .     - Unarmed
rCold   + . .      Faith    .   (no shield)
rNeg    + + +      Spirit   .   v - +0 troll leather armour
rPois   ∞          Reflect  +   (no helmet)
rElec   .          Harm     .   (no cloak)
rCorr   .          Rampage  .   (no gloves)
Will    .....                   (no boots)
Stlth   ++........              o - amulet of reflection
HPRegen 0.00/turn               (no ring)
MPRegen 0.10/turn               (no ring)

@: inhibited regen
A: claws 1, cold resistance 1, negative energy resistance 3, inhibited
regeneration, torment resistance 2, devour on kill
a: no special abilities


You were on level 5 of the Dungeon.
You visited 1 branch of the dungeon, and saw 5 of its levels.
You also visited: Sewer and Ossuary.

You collected 248 gold pieces.

Inventory:

Missiles
 f - 64 stones
 g - 5 poisoned darts (quivered)
Armour
 a - a +0 robe
 c - a +0 chain mail
 l - a +0 ring mail
 v - a +0 troll leather armour (worn)
Jewellery
 o - an amulet of reflection (around neck)
Scrolls
 h - 3 scrolls of fog
 i - 2 scrolls of teleportation
 j - a scroll of noise {unknown}
 k - a scroll of poison {unknown}
 m - 2 scrolls of enchant weapon
 q - 5 scrolls of identify
 s - a scroll of amnesia {unknown}
 t - a scroll of summoning {unknown}
 u - a scroll of torment {unknown}
 w - 2 scrolls of vulnerability {unknown}
 y - a scroll of enchant armour {unknown}
 z - a scroll of magic mapping {unknown}
 A - a scroll of blinking {unknown}
 D - a scroll of silence {unknown}
Potions
 b - a potion of ambrosia
 d - 3 potions of flight
 e - 3 potions of haste {unknown}
 n - 3 potions of mutation {unknown}
 p - a potion of brilliance {unknown}
 r - a potion of lignification {unknown}
 x - 2 potions of might
 B - a potion of cancellation {unknown}
 C - 2 potions of heal wounds


   Skills:
 + Level 6.4 Fighting
 + Level 4.3 Armour
 - Level 2.6 Dodging
 - Level 2.1 Stealth
 * Level 8.5 Unarmed Combat


You had 7 spell levels left.
You didn't know any spells.
Your spell library contained the following spells:

 Spells                   Type           Power      Damage    Failure   Level
 Magic Dart               Conj           0%         1d3       54%         1
 Shock                    Conj/Air       0%         1d3       54%         1
 Searing Ray              Conj           0%         2d4       67%         2
 Ozocubu's Armour         Ice            0%         N/A       88%         3
 Swiftness                Air            0%         N/A       88%         3
 Airstrike                Air            0%         N/A       99%         4
 Fulminant Prism          Conj/Hex       0%         3d6       99%         4
 Metabolic Englaciation   Hex/Ice        0%         N/A       100%        5
 Simulacrum               Ice/Necr       0%         N/A       100%        6


Dungeon Overview and Level Annotations

Branches:
Dungeon (5/15)              Sewer (visited)         Ossuary (visited)
 Temple: D:4-7

Altars:


Innate Abilities, Weirdness & Mutations

You are immune to poison.
You have sharp fingernails.
Your flesh is cold resistant. (rC+)
You are immune to negative energy. (rN+++)
You do not regenerate when monsters are visible.
You are immune to unholy pain and torment.
You thrive by killing the living.


Message History

Beogh smites you!
* * * LOW HITPOINT WARNING * * *
You claw the orc priest!
You kill the orc priest!
The orc closely misses you. The orc hits you but does no damage.
You scratch the orc but do no damage. You scratch the orc but do no damage.
You block the orc's attack. The orc hits you with a +0 flail.
* * * LOW HITPOINT WARNING * * *
You scratch the orc. You claw the orc.
The orc is almost dead.
The orc hits you but does no damage. The orc hits you with a +0 flail.
* * * LOW HITPOINT WARNING * * *
You scratch the orc but do no damage.
The orc is almost dead.
The orc misses you. You block the orc's attack.
You scratch the orc but do no damage.
The orc is almost dead.
The orc closely misses you. The orc hits you with a +0 club.
* * * LOW HITPOINT WARNING * * *
You scratch the orc but do no damage.
The orc is almost dead.
The orc hits you with a +0 flail.
* * * LOW HITPOINT WARNING * * *
The orc closely misses you.
You scratch the orc.
You kill the orc!
You feel better. The orc hits you with a +0 flail!
* * * LOW HITPOINT WARNING * * *
Things that are here:
a +0 dagger; a +0 robe You scratch the orc but do no damage.
You barely miss the orc. The orc barely misses you.
You scratch the orc.
The orc is heavily wounded.
The orc closely misses you.
You barely miss the orc.
The orc is heavily wounded.
The orc hits you with a +0 flail.
You die...

.........##. .......
...........## .......
.........#..# .......
##.##.######.. .......
..........).# .......
#.##....#.... .......
#....##..##.#
......)######..#####..#.#
#.)o@........)......#
#..##........###....#
##...........[....#..
###..........##..###
##............##
..........#####
###........# #........#


You could see an orc.

Vanquished Creatures
  A black bear (D:5)
  2 phantoms (D:5)
  8 scorpions
  4 human zombies (Ossuary)
  A centaur zombie (Ossuary)
  An orc priest (D:5)
  A hound (D:5)
  3 scorpion zombies (Ossuary)
  Terence (D:2)
  An iguana (D:5)
  An orc wizard (D:5)
  3 mummies (Ossuary)
  7 adders
  A river rat (Sewer)
  2 worms
  2 dart slugs
  14 orcs
  13 endoplasms
  4 giant cockroaches
  A gnoll zombie (Ossuary)
  5 goblins
  4 hobgoblins
  7 quokkas
  7 ball pythons
  5 bats
  6 frilled lizards
  2 goblin zombies (Ossuary)
  15 kobolds
  A kobold zombie (Ossuary)
  4 orc zombies (Ossuary)
  5 rats
132 creatures vanquished.

Notes
Turn   | Place    | Note
-------+----------+-------------------------------------------
     0 | D:1      | jermanator181 the Ghoul Monk began the quest for the Orb.
     0 | D:1      | Reached XP level 1. HP: 19/19 MP: 0/0
   166 | D:1      | Reached XP level 2. HP: 24/26 MP: 1/1
   482 | D:1      | Found a faded altar of an unknown god.
   544 | D:1      | Reached skill level 4 in Unarmed Combat
   544 | D:1      | Reached XP level 3. HP: 30/31 MP: 2/2
   558 | D:1      | Reached skill level 1 in Armour
   633 | D:1      | Upgraded the game from 0.29-a0-676-ga64570c9d2 to
                  | 0.29-a0-723-gce39da1c22
   917 | D:2      | You fall into a shaft and drop 2 floors!
  1123 | D:3      | Found a glowing drain.
  1142 | Sewer    | Entered a sewer
  1211 | Sewer    | Reached XP level 4. HP: 35/40 MP: 3/3
  2026 | D:3      | Reached XP level 5. HP: 43/46 MP: 4/4
  2254 | D:3      | Reached skill level 5 in Unarmed Combat
  2545 | D:2      | Noticed Terence
  2555 | D:2      | Killed Terence
  3573 | D:5      | Entered Level 5 of the Dungeon
  3573 | D:5      | Noticed a phantom
  3603 | D:5      | Killed a phantom
  3604 | D:5      | Reached XP level 6. HP: 30/53 MP: 5/5
  3675 | D:5      | Reached skill level 6 in Unarmed Combat
  3688 | D:5      | Noticed a black bear
  3697 | D:5      | Killed a black bear
  3698 | D:5      | Reached skill level 5 in Fighting
  3698 | D:5      | Reached XP level 7. HP: 61/61 MP: 6/6
  3783 | D:5      | Found a sand-covered staircase.
  3795 | Ossuary  | Entered an ossuary
  3974 | Ossuary  | Reached skill level 7 in Unarmed Combat
  4161 | Ossuary  | Reached XP level 8. HP: 64/70 MP: 7/7
  4251 | Ossuary  | Reached skill level 8 in Unarmed Combat
  4437 | D:5      | Slain by an orc

Illustrated notes

Levels and vault maps discovered:
D:1:      minmay_arrival_stair_chambers, layout_basic,
          ebering_ecumenical_altar_hall
D:2:      layout_basic, fountainhead, grunt_ministairs_7, uniq_terence
D:3:      layout_loops_ring, gup_sewer_entry_pipe
D:4:      layout_basic, saegor_snake_ambush
D:5:      black_bear_nest_1, layout_rooms, mainiacjoe_overflow_surrounded_room,
          minmay_temple_entry_antechambers, enter_ossuary_5,
          minmay_manual_monstrance

Skill      XL: |  1  2  3  4  5  6  7  8 |
---------------+-------------------------+-----
Unarmed Combat | 4 5 6 7 8 |  8.5
Armour         | 1 2 3 4 |  4.3
Fighting       | 4 5 6 |  6.4
Dodging        | |  2.6
Stealth        | |  2.1

Action                   |  1- 3 |  4- 6 |  7- 9 || total
-------------------------+-------+-------+-------++-------
Melee: Unarmed           |   105 |   200 |   186 ||   491
       Punch             |     3 |     7 |    13 ||    23
Throw: Dart              |     1 |       |       ||     1
  Use: Scroll            |     5 |     1 |       ||     6
       Potion            |     1 |     2 |       ||     3
Armor: Chain mail        |    46 |    16 |       ||    62
       Robe              |     1 |       |       ||     1
       Ring mail         |       |    39 |       ||    39
       Troll leather arm |       |     7 |    32 ||    39
Dodge: Dodged            |    43 |   122 |    63 ||   228
Block: Other             |       |    26 |    27 ||    53

Table legend: (Time is in decaauts)
 A = Elapsed time spent in this place.
 B = Non-inter-level travel time spent in this place.
 C = Inter-level travel time spent in this place.
 D = Time resting spent in this place.
 E = Time spent auto-exploring this place.
 F = Levels seen in this place.
 G = Mean time per level.
                   A        B        C        D        E       F      G
               +--------+--------+--------+--------+--------+-----+--------+
         Total |   4502 |   4178 |    324 |    111 |   2558 |   7 |  643.1 |
       Dungeon |   3316 |   2992 |    324 |     21 |   2074 |   5 |  663.2 |
         Sewer |    629 |    629 |      0 |      0 |    318 |   1 |  629.0 |
       Ossuary |    556 |    556 |      0 |     90 |    165 |   1 |  556.0 |
               +--------+--------+--------+--------+--------+-----+--------+

Top non-repeatable levels by time:
     D:2: 1070 daAuts
     D:3: 996 daAuts
     D:1: 813 daAuts
   Sewer: 629 daAuts
 Ossuary: 556 daAuts
     D:5: 267 daAuts
     D:4: 168 daAuts
